| TOP OF THE 1ST |
|
Montreal Expos batting - Pitching for Chicago White Sox : RHP Ricky Salas
|
|
Pitching: RHP Ricky Salas
|
|
|
Batting: LHB Bill McGregor
|
0-0: Called Strike 0-1: Bunt for hit to 25 - play at first, batter OUT! 5-3
|
|
Batting: LHB Steve Anderson
|
0-0: Ball 1-0: Ball 2-0: Foul Ball, location: 2F 2-1: Ball 3-1: Called Strike 3-2: Strikes out swinging
|
|
Batting: RHB John Ham
|
0-0: Ball 1-0: Swinging Strike 1-1: Swinging Strike 1-2: Ball 2-2: Ball 3-2: Foul Ball, location: 2F 3-2: DOUBLE (Flyball, 8LXD, EV 94.4 MPH)
|
|
Batting: LHB Austin Ohmer
|
0-0: Called Strike 0-1: Foul Ball, location: 2F 0-2: Strikes out swinging
|
| Top of the 1st over - 0 runs, 1 hit, 0 errors, 1 left on base; Montreal 0 - Chicago 0 |
| BOTTOM OF THE 1ST |
|
Chicago White Sox batting - Pitching for Montreal Expos : RHP Jonathan Jackson
|
|
Pitching: RHP Jonathan Jackson
|
|
|
Batting: SHB Alfie Bungledorf
|
0-0: SINGLE (Line Drive, 89M, EV 89.4 MPH)
|
|
Batting: SHB Bartholomeu Chambino
|
0-0: Called Strike 0-1: Fielders Choice at 2nd, 3-6 (Groundball, 3, EV 83.8 MPH)
|
|
Batting: LHB Randy Rosenberry
|
0-0: Ball 1-0: Ball Bartholomeu Chambino steals 2nd base 2-0: Called Strike 2-1: Ball 3-1: Fly out, F4 (Line Drive, 4M, EV 75.0 MPH)
|
|
Batting: RHB Joseph Disepolo
|
0-0: Ball 1-0: Swinging Strike 1-1: Ball 2-1: Ground out 6-3 (Groundball, 6, EV 106.2 MPH)
|
| Bottom of the 1st over - 0 runs, 1 hit, 0 errors, 1 left on base; Montreal 0 - Chicago 0 |
| TOP OF THE 2ND |
|
Montreal Expos batting - Pitching for Chicago White Sox : RHP Ricky Salas
|
|
Batting: LHB Mark Marvin
|
0-0: SOLO HOME RUN (Flyball, 9D, EV 103.1 MPH), Distance : 369 ft
|
|
Batting: SHB Lou Kroneman
|
0-0: Called Strike 0-1: Swinging Strike 0-2: Strikes out swinging
|
|
Batting: RHB Mike Salmon
|
0-0: Ball 1-0: Foul Ball, location: 2F 1-1: Ground out 6-3 (Groundball, 6, EV 102.5 MPH)
|
|
Batting: RHB Robby Juarez
|
0-0: Foul Ball, location: 2F 0-1: Foul Ball, location: 2F 0-2: Ground out 1-3 (Groundball, 13S, EV 66.2 MPH)
|
| Top of the 2nd over - 1 run, 1 hit, 0 errors, 0 left on base; Montreal 1 - Chicago 0 |
| BOTTOM OF THE 2ND |
|
Chicago White Sox batting - Pitching for Montreal Expos : RHP Jonathan Jackson
|
|
Batting: SHB Gus Berry
|
0-0: Ball 1-0: Foul Ball, location: 2F 1-1: Ground out 1-3 (Groundball, 13, EV 73.1 MPH)
|
|
Batting: RHB Dietmar Warmisch
|
0-0: Ball 1-0: Ball 2-0: Called Strike 2-1: Ground out 6-3 (Groundball, 6S, EV 86.9 MPH)
|
|
Batting: RHB Dieter Knoops
|
0-0: Ball 1-0: Ball 2-0: Fly out, F3 (Flyball, 3D, EV 96.2 MPH)
|
| Bottom of the 2nd over - 0 runs, 0 hits, 0 errors, 0 left on base; Montreal 1 - Chicago 0 |
| TOP OF THE 3RD |
|
Montreal Expos batting - Pitching for Chicago White Sox : RHP Ricky Salas
|
|
Batting: RHB Tommy Mize
|
0-0: Called Strike 0-1: Foul Ball, location: 2F 0-2: Ball 1-2: Foul Ball, location: 2F 1-2: Ball 2-2: Strikes out swinging
|
|
Batting: LHB Bill McGregor
|
0-0: DOUBLE (Line Drive, 5D, EV 104.4 MPH)
|
|
Batting: LHB Steve Anderson
|
0-0: Ground out U3 (Groundball, 34, EV 83.8 MPH) Bill McGregor to third
|
|
Batting: RHB John Ham
|
0-0: Ball 1-0: Ball 2-0: Called Strike 2-1: Ball 3-1: Called Strike 3-2: Fly out, F8 (Flyball, 8RD, EV 101.2 MPH)
|
| Top of the 3rd over - 0 runs, 1 hit, 0 errors, 1 left on base; Montreal 1 - Chicago 0 |
| BOTTOM OF THE 3RD |
|
Chicago White Sox batting - Pitching for Montreal Expos : RHP Jonathan Jackson
|
|
Batting: LHB Sidney Pedder
|
0-0: Foul Ball, location: 2F 0-1: Ball 1-1: Fly out, F8 (Flyball, 8LXD, EV 94.4 MPH)
|
|
Batting: RHB Chris Cooper
|
0-0: Called Strike 0-1: Ground out 4-3 (Groundball, 4, EV 81.2 MPH)
|
|
Batting: SHB Alfie Bungledorf
|
0-0: Ball 1-0: Ground out 4-3 (Groundball, 34, EV 100.6 MPH)
|
| Bottom of the 3rd over - 0 runs, 0 hits, 0 errors, 0 left on base; Montreal 1 - Chicago 0 |
| TOP OF THE 4TH |
|
Montreal Expos batting - Pitching for Chicago White Sox : RHP Ricky Salas
|
|
Batting: LHB Austin Ohmer
|
0-0: Called Strike 0-1: Ball 1-1: Ball 2-1: Called Strike 2-2: Ground out 5-3 (Groundball, 5, EV 100.0 MPH)
|
|
Batting: LHB Mark Marvin
|
0-0: Ball 1-0: Foul Ball, location: 2F 1-1: Fly out, F7 (Flyball, 7S, EV 94.4 MPH)
|
|
Batting: SHB Lou Kroneman
|
0-0: Foul Ball, location: 2F 0-1: Swinging Strike 0-2: SINGLE (Line Drive, 7S, EV 94.4 MPH)
|
|
Batting: RHB Mike Salmon
|
0-0: Ball 1-0: Ground out 5-3 (Groundball, 56S, EV 89.4 MPH)
|
| Top of the 4th over - 0 runs, 1 hit, 0 errors, 1 left on base; Montreal 1 - Chicago 0 |
| BOTTOM OF THE 4TH |
|
Chicago White Sox batting - Pitching for Montreal Expos : RHP Jonathan Jackson
|
|
Batting: SHB Bartholomeu Chambino
|
0-0: Foul Ball, location: 2F 0-1: Ball 1-1: Foul Ball, location: 2F 1-2: Foul Ball, location: 2F 1-2: Ground out 2-3 (Groundball, 15S, EV 68.8 MPH)
|
|
Batting: LHB Randy Rosenberry
|
0-0: Called Strike 0-1: Swinging Strike 0-2: Foul Ball, location: 2F 0-2: Ball 1-2: Ground out U3 (Groundball, 3, EV 78.8 MPH)
|
|
Batting: RHB Joseph Disepolo
|
0-0: Swinging Strike 0-1: Foul Ball, location: 2F 0-2: Foul Ball, location: 2F 0-2: Ball 1-2: Ball 2-2: Strikes out swinging
|
| Bottom of the 4th over - 0 runs, 0 hits, 0 errors, 0 left on base; Montreal 1 - Chicago 0 |
| TOP OF THE 5TH |
|
Montreal Expos batting - Pitching for Chicago White Sox : RHP Ricky Salas
|
|
Batting: RHB Robby Juarez
|
0-0: Ball 1-0: Ground out 6-3 (Groundball, 6, EV 103.1 MPH)
|
|
Batting: RHB Tommy Mize
|
0-0: Ball 1-0: Fly out, F8 (Flyball, 8RXD, EV 98.8 MPH)
|
|
Batting: LHB Bill McGregor
|
0-0: Fly out, F9 (Line Drive, 89M, EV 107.5 MPH)
|
| Top of the 5th over - 0 runs, 0 hits, 0 errors, 0 left on base; Montreal 1 - Chicago 0 |
| BOTTOM OF THE 5TH |
|
Chicago White Sox batting - Pitching for Montreal Expos : RHP Jonathan Jackson
|
|
Batting: SHB Gus Berry
|
0-0: Called Strike 0-1: Ground out 4-3 (Groundball, 4, EV 106.9 MPH)
|
|
Batting: RHB Dietmar Warmisch
|
0-0: Ball 1-0: Foul Ball, location: 2F 1-1: Fly out, F7 (Flyball, 78M, EV 68.1 MPH)
|
|
Batting: RHB Dieter Knoops
|
0-0: Foul Ball, location: 2F 0-1: SINGLE (Groundball, 4M, EV 101.2 MPH) (infield hit)
|
|
Batting: LHB Sidney Pedder
|
0-0: Foul Ball, location: 2F 0-1: Ball 1-1: Ball 2-1: Foul Ball, location: 2F 2-2: Ball 3-2: Foul Ball, location: 2F 3-2: Fly out, F8 (Flyball, 8LM, EV 95.6 MPH)
|
| Bottom of the 5th over - 0 runs, 1 hit, 0 errors, 1 left on base; Montreal 1 - Chicago 0 |
| TOP OF THE 6TH |
|
Montreal Expos batting - Pitching for Chicago White Sox : RHP Ricky Salas
|
|
Batting: LHB Steve Anderson
|
0-0: Foul Ball, location: 2F 0-1: Ball 1-1: Called Strike 1-2: Ball 2-2: Strikes out swinging
|
|
Batting: RHB John Ham
|
0-0: Foul Ball, location: 2F 0-1: Ball 1-1: Ball 2-1: Ball 3-1: Ground out 6-3 (Groundball, 6S, EV 70.0 MPH)
|
|
DELAY
|
Rain delay of 87 minutes in the 6th inning.
|
|
Batting: LHB Austin Ohmer
|
0-0: Called Strike 0-1: Swinging Strike 0-2: Ball 1-2: Fly out, F6 (Popup, 6M, EV 51.9 MPH)
|
| Top of the 6th over - 0 runs, 0 hits, 0 errors, 0 left on base; Montreal 1 - Chicago 0 |
| BOTTOM OF THE 6TH |
|
Chicago White Sox batting - Pitching for Montreal Expos : RHP Jonathan Jackson
|
|
Batting: RHB Chris Cooper
|
0-0: Ball 1-0: Ground out 4-3 (Groundball, 4, EV 101.9 MPH)
|
|
Batting: SHB Alfie Bungledorf
|
0-0: SINGLE (Line Drive, 56D, EV 100.0 MPH)
|
|
Batting: SHB Bartholomeu Chambino
|
0-0: Ball 1-0: Grounds out, U3 (Groundball, 3L, EV 106.9 MPH)
|
|
Batting: LHB Randy Rosenberry
|
0-0: Called Strike 0-1: Ball 1-1: Foul Ball, location: 2F 1-2: Strikes out looking
|
| Bottom of the 6th over - 0 runs, 1 hit, 0 errors, 1 left on base; Montreal 1 - Chicago 0 |
| TOP OF THE 7TH |
|
Montreal Expos batting - Pitching for Chicago White Sox : RHP Ricky Salas
|
|
Pitching: RHP Riso Profanter
|
|
|
Batting: LHB Mark Marvin
|
0-0: Called Strike 0-1: Swinging Strike 0-2: Ball 1-2: Ball 2-2: Strikes out swinging
|
|
Batting: SHB Lou Kroneman
|
0-0: Called Strike 0-1: Called Strike 0-2: Ball 1-2: Foul Ball, location: 2F 1-2: Fly out, F8 (Line Drive, 8RM, EV 86.9 MPH)
|
|
Batting: RHB Mike Salmon
|
0-0: Ball 1-0: Ball 2-0: Ball 3-0: Called Strike 3-1: Called Strike 3-2: Ground out U3 (Groundball, 3, EV 78.1 MPH)
|
| Top of the 7th over - 0 runs, 0 hits, 0 errors, 0 left on base; Montreal 1 - Chicago 0 |
| BOTTOM OF THE 7TH |
|
Chicago White Sox batting - Pitching for Montreal Expos : RHP Jonathan Jackson
|
|
Pitching: RHP Joel Montenegro
|
|
|
Batting: RHB Joseph Disepolo
|
0-0: Ball 1-0: Ball 2-0: Called Strike 2-1: Ground out 4-3 (Groundball, 34, EV 101.9 MPH)
|
|
Batting: SHB Gus Berry
|
0-0: Foul Ball, location: 2F 0-1: DOUBLE (Groundball, 3L, EV 103.1 MPH)
|
|
Batting: RHB Dietmar Warmisch
|
0-0: Foul Ball, location: 2F 0-1: Ball 1-1: Foul Ball, location: 2F 1-2: DOUBLE (Flyball, 8RXD, EV 100.0 MPH) Gus Berry scores
|
|
Batting: RHB Dieter Knoops
|
0-0: SINGLE (Line Drive, 56D, EV 98.1 MPH) Dietmar Warmisch to third
|
|
Batting: LHB Sidney Pedder
|
0-0: Swinging Strike 0-1: Ball 1-1: Ball 2-1: Foul Ball, location: 2F 2-2: Strikes out looking
|
|
Batting: RHB Chris Cooper
|
0-0: DOUBLE (Line Drive, 9LS, EV 86.9 MPH) Dietmar Warmisch scores Dieter Knoops to third Runner from 3rd tries for Home, SAFE, no throw by RF
|
|
Batting: SHB Alfie Bungledorf
|
0-0: Called Strike 0-1: Ball 1-1: Foul Ball, location: 2F 1-2: Strikes out swinging
|
| Bottom of the 7th over - 3 runs, 4 hits, 0 errors, 1 left on base; Montreal 1 - Chicago 3 |
| TOP OF THE 8TH |
|
Montreal Expos batting - Pitching for Chicago White Sox : RHP Riso Profanter
|
|
Batting: RHB Robby Juarez
|
0-0: TRIPLE (Line Drive, 89XD, EV 106.9 MPH)
|
|
Batting: RHB Tommy Mize
|
0-0: Ball 1-0: Ball 2-0: Called Strike 2-1: Foul Ball, location: 2F 2-2: Ground out 6-3 (Groundball, P, EV 81.2 MPH) Robby Juarez scores
|
|
Batting: LHB Bill McGregor
|
0-0: Ball 1-0: Ground out U3 (Groundball, 3L, EV 94.4 MPH)
|
|
Batting: LHB Steve Anderson
|
0-0: Ball 1-0: Called Strike 1-1: Swinging Strike 1-2: Ball 2-2: Ball 3-2: Foul Ball, location: 2F 3-2: SINGLE (Line Drive, 7LS, EV 104.4 MPH)
|
|
Batting: RHB John Ham
|
0-0: Called Strike 0-1: Called Strike 0-2: Fly out, F9 (Line Drive, 9D, EV 105.0 MPH)
|
| Top of the 8th over - 1 run, 2 hits, 0 errors, 1 left on base; Montreal 2 - Chicago 3 |
| BOTTOM OF THE 8TH |
|
Chicago White Sox batting - Pitching for Montreal Expos : RHP Joel Montenegro
|
|
Pitching: RHP Zack Rust
|
|
|
Batting: SHB Bartholomeu Chambino
|
0-0: Ball 1-0: Ground out U3 (Groundball, 3, EV 91.2 MPH)
|
|
Batting: LHB Randy Rosenberry
|
0-0: Foul Ball, location: 2F 0-1: Foul Ball, location: 2F 0-2: Reached on error, E5 (Groundball, 5S, EV 66.9 MPH)
|
|
Batting: RHB Joseph Disepolo
|
0-0: Ball Wild Pitch! Randy Rosenberry to third 1-0: Foul Ball, location: 2F 1-1: Hit by Pitch
|
|
Batting: SHB Gus Berry
|
0-0: Called Strike 0-1: Ball 1-1: Ball 2-1: Ball 3-1: Swinging Strike 3-2: Ground out 4-3 (Groundball, 34S, EV 66.9 MPH) Joseph Disepolo to second
|
|
Batting: RHB Dietmar Warmisch
|
0-0: Called Strike 0-1: Ball 1-1: Swinging Strike 1-2: Foul Ball, location: 2F 1-2: Strikes out swinging
|
| Bottom of the 8th over - 0 runs, 0 hits, 1 error, 2 left on base; Montreal 2 - Chicago 3 |
| TOP OF THE 9TH |
|
Montreal Expos batting - Pitching for Chicago White Sox : RHP Riso Profanter
|
|
Pitching: RHP Jacob Taylor
|
|
|
Batting: LHB Austin Ohmer
|
0-0: Ball 1-0: Ball 2-0: Ball 3-0: Called Strike 3-1: Base on Balls
|
|
Batting: LHB Mark Marvin
|
0-0: Swinging Strike 0-1: Foul Ball, location: 2F 0-2: Ball 1-2: Ball 2-2: Ground out U3 (Groundball, 3S, EV 73.8 MPH) Austin Ohmer to second
|
|
Batting: SHB Lou Kroneman
|
0-0: Called Strike 0-1: Ball 1-1: Foul Ball, location: 2F 1-2: Strikes out swinging
|
|
Batting: RHB Mike Salmon
|
0-0: Ball 1-0: Swinging Strike 1-1: Ball 2-1: Ball 3-1: Called Strike 3-2: Strikes out swinging
|
| Top of the 9th over - 0 runs, 0 hits, 0 errors, 1 left on base; Montreal 2 - Chicago 3 |
|